 Dungeon Crawl Stone Soup version 0.17.0-15-g6d90897 (webtiles) character file.

448 timbw the Caller (level 6, -1/32 HPs)
             Began as a Deep Elf Summoner on Nov 10, 2015.
             Killed by nerve-wracking pain
             ... invoked by a shadow imp
              (13 damage)
             ... on level 5 of the Dungeon.
             The game lasted 00:10:03 (1637 turns).

timbw the Caller (Deep Elf Summoner)                Turns: 1637, Time: 00:10:03

Health: -1/32      AC:  7    Str:  5    XL:     6   Next: 73%
Magic:  12/17      EV: 13    Int: 24    God:
Gold:   115        SH:  0    Dex: 15    Spells: 4 memorised, 7 levels left

rFire  + . .     SeeInvis .     (no weapon)
rCold  . . .     Clarity  .     a - +0 robe
rNeg   . . .     SustAt   .     (no shield)
rPois  .         Gourm    .     r - +2 helmet
rElec  .         Spirit   .     g - +0 cloak
rCorr  .         Warding  .     (no gloves)
rMut   .         Stasis   .     l - +0 pair of boots
MR     .....                    (no amulet)
Stlth  +++.......               p - ring of Xom's Sleight of Hands {+Fly rF+ Stlth+}
                                o - +2 ring of intelligence

@: not resistant to hostile enchantments, fairly stealthy
A: no striking features
a: Evoke Flight


You were on level 5 of the Dungeon.
You were not hungry.

You visited 1 branch of the dungeon, and saw 7 of its levels.

You collected 115 gold pieces.

Inventory:

Armour
 a - a +0 robe (worn)
 g - a +0 cloak (worn)
 l - a +0 pair of boots (worn)
 r - a +2 helmet (worn)
Jewellery
 o - a +2 ring of intelligence (left hand)
 p - the ring of Xom's Sleight of Hands (right hand) {+Fly rF+ Stlth+}
   (You found it on level 7 of the Dungeon)

   [ring of flight]

   It protects you from fire.
   It lets you fly.
   It makes you more stealthy.
Wands
 d - a wand of fire (5)
 k - a wand of polymorph (4)
Scrolls
 e - a scroll of recharging
 f - 2 scrolls of identify
 m - 3 scrolls of amnesia
 n - a scroll of remove curse {unknown}
 q - a scroll of immolation
Potions
 h - 3 potions of agility
 i - a potion of magic {unknown}
Books
 b - a book of Callings

   Spells                             Type                      Level
   a - Summon Small Mammal            Summoning                    1
   b - Call Imp                       Summoning                    2
   c - Call Canine Familiar           Summoning                    3
   d - Summon Guardian Golem          Hexes/Summoning              3
   e - Summon Lightning Spire         Summoning/Air                4
   f - Summon Ice Beast               Ice/Summoning                4
Comestibles
 c - 5 bread rations
 j - a meat ration
 s - a chunk of flesh


   Skills:
 - Level 2.4 Dodging
 - Level 2.4 Stealth
 + Level 6.3 Spellcasting
 * Level 7.6 Summonings


You had 7 spell levels left.
You knew the following spells:

 Your Spells              Type           Power        Failure   Level  Hunger
a - Summon Small Mammal   Summ           ####         1%          1    None
b - Call Imp              Summ           #####...     1%          2    None
c - Call Canine Familiar  Summ           #####...     1%          3    None
d - Summon Ice Beast      Ice/Summ       ####....     21%         4    ###....


Dungeon Overview and Level Annotations

Branches:
Dungeon (7/15)
 Temple: D:4-7

Altars:


Message History

The centaur skeleton misses you.
The centaur skeleton hits you but does no damage.
Your wolf bites the centaur skeleton.
Your wolf bites the centaur skeleton!
The centaur skeleton is destroyed!
You swap places.
There is a stone staircase leading up here.
You climb upwards.
Your summoned ally is left behind.
There is a stone staircase leading down here.
Magic restored.
A shadow imp comes into view.
Casting: Call Canine Familiar
Confirm with . or Enter, or press ? or * to list all spells.
The shadow imp shouts, "Flee, thou delicate dread-bolted tiler!"
The shadow imp shouts, "Kneel, thou plume-plucked folly-fallen measle!"
Casting: Call Canine Familiar
Confirm with . or Enter, or press ? or * to list all spells.
A beastly little devil appears in a puff of flame.
The shadow imp gestures at you. Pain shoots through your body!
You die...

#J####.# ##...
#. .# #.... #Y
# #.### #. #.#
#.# #.## ###
###.####.###..#
#.. ...
........#.#
###.###5#
...Y.....##
#....h@5#
###........
#.#.#####
####.#.## # #.#
#. s# #.#.## #.
... #....#####
.. o..
###......# #.
.## ##.###.#
#.# #.# #.#
#.#..


You could see a shadow imp, a friendly wolf and a friendly crimson imp.

Vanquished Creatures
  An ice beast (D:5)
  A giant frog (D:6)
2 creatures vanquished.

Vanquished Creatures (collateral kills)
  An ogre (D:5)
  An ice beast (D:5)
  A centaur (D:7)
  2 jellies (D:5)
  A centaur skeleton (D:6)
  2 orc wizards
  4 worker ants
  A hound skeleton (D:5)
  A hound zombie (D:5)
  6 adders
  3 shadow imps
  An ooze (D:4)
  An adder zombie (D:5)
  A worm (D:2)
  A giant gecko (D:3)
  3 orcs (D:5)
  A ball python (D:3)
  2 goblins
  5 jackals
  A quokka (D:7)
  3 giant cockroaches
  2 giant newts
  6 kobolds
  3 rats
53 creatures vanquished.

Grand Total: 55 creatures vanquished

Notes
Turn   | Place    | Note
--------------------------------------------------------------
     0 | D:1      | timbw the Deep Elf Summoner began the quest for the Orb.
     0 | D:1      | Reached XP level 1. HP: 10/10 MP: 6/6
   189 | D:2      | Reached XP level 2. HP: 3/15 MP: 3/8
   200 | D:2      | Learned a level 2 spell: Call Imp
   486 | D:3      | Reached XP level 3. HP: 16/19 MP: 0/10
   493 | D:3      | Learned a level 3 spell: Call Canine Familiar
   496 | D:3      | Reached skill level 5 in Summonings
   687 | D:5      | Entered Level 5 of the Dungeon
   759 | D:5      | Reached XP level 4. HP: 24/24 MP: 3/12
   781 | D:5      | Learned a level 4 spell: Summon Ice Beast
   792 | D:5      | Noticed an ice beast
   833 | D:5      | Killed an ice beast
   833 | D:5      | Reached skill level 6 in Summonings
   841 | D:5      | Noticed a sky beast
   859 | D:5      | Noticed a sky beast
   897 | D:5      | Reached skill level 5 in Spellcasting
   897 | D:5      | Reached XP level 5. HP: 28/28 MP: 6/14
   911 | D:5      | Noticed an ice beast
   944 | D:5      | Killed an ice beast
  1021 | D:6      | Noticed an orc warrior
  1085 | D:5      | Noticed an ogre
  1100 | D:5      | Reached XP level 6. HP: 25/32 MP: 1/16
  1158 | D:5      | Killed an ogre
  1158 | D:5      | Reached skill level 7 in Summonings
  1265 | D:7      | Noticed a deep elf mage
  1436 | D:7      | Got a flickering bronze ring
  1437 | D:7      | Identified the ring of Xom's Sleight of Hands {+Fly rF+ Stlth+} (You found it on level 7 of the Dungeon)
  1637 | D:5      | Killed from afar by a shadow imp

Action                   |  1- 3 |  4- 6 || total
-------------------------+-------+-------++-------
Melee: Unarmed           |     2 |    10 ||    12
 Cast: Summon Small Mamm |    22 |     1 ||    23
       Call Imp          |    16 |    19 ||    35
       Call Canine Famil |     5 |    20 ||    25
       Summon Ice Beast  |       |     2 ||     2
Evoke: Wand              |       |     1 ||     1
  Use: Scroll            |     6 |     2 ||     8
 Stab: Sleeping          |       |     1 ||     1
  Eat: Beef jerky        |       |     1 ||     1
       Chunk             |       |     2 ||     2
